AoeStats
← rex

Arena

506295714Analyzed
3v3 RM · 19d ago on Sep 13, 2026· 82m 26s· 6 players
Game mode
Random Map
Map size
Normal (6 player)
Population
200
Speed
Normal
Resources
Standard
Victory
Conquest
Starting age
Dark Age
Ending age
Imperial Age
RankedLock teamsTeams togetherTeam positionsShared explorationLock speedFull tech treeHidden civsTurbo modeCheats
Victory
Defeat
🇧🇷 Romans · Brazil
584
+14
🇧🇷 Chinese · Brazil
577
+14
🇧🇷 Britons · Brazil
553
+15
🇨🇴 Britons · Colombia
547
-16
🇨🇦 Ethiopians · Canada
531
-14
🇺🇸 Sicilians · United States
507
-13
XXDBlockeXX
12:36 Feudal Age
15:11 Double-Bit Axe
20:31 Arson
29:09 Wheelbarrow
31:23 Castle Age
32:15 Gold Mining
32:16 Stone Mining
32:45 Forging
32:41 Scale Barding Armor
32:39 Scale Mail Armor
33:18 Bow Saw
35:04 Horse Collar
37:07 Iron Casting
36:49 Chain Mail Armor
39:53 Hand Cart
42:03 Gold Shaft Mining
45:25 Imperial Age
45:23 Gold Shaft Mining
44:56 Squires
45:29 Capped Ram
45:47 Elite Serjeant
47:33 Heavy Plow
50:10 Blast Furnace
51:05 Pikeman
52:12 Halberdier
64:00 Bloodlines
63:51 Husbandry
66:52 Fletching
67:03 Padded Archer Armor
69:26 Bodkin Arrow
69:47 Leather Archer Armor
71:14 Bracer
Intrinsicmotivation
11:41 Feudal Age
12:08 Double-Bit Axe
16:37 Castle Age
15:15 Stone Mining
17:55 Stone Shaft Mining
25:46 Wheelbarrow
26:07 Horse Collar
27:58 Loom
29:07 Bow Saw
37:10 Imperial Age
35:24 Gold Mining
37:15 Onager
38:39 Hand Cart
38:32 Town Watch
38:57 Murder Holes
39:16 Heavy Plow
40:05 Caravan
40:15 Man-at-Arms
40:55 Squires
40:41 Arson
40:54 Capped Ram
43:13 Chemistry
42:35 Long Swordsman
45:45 Siege Onager
48:19 Two-Man Saw
48:10 Gold Shaft Mining
49:04 Elite Shotel Warrior
50:53 Town Patrol
50:51 Two-Handed Swordsman
50:54 Light Cavalry
51:35 Husbandry
52:56 Siege Ram
54:05 Halberdier
55:27 Scale Barding Armor
55:23 Scale Mail Armor
55:33 Forging
55:48 Ballistics
56:41 Heavy Scorpion
63:26 Royal Heirs
65:05 Torsion Engines
rex
9:55 Feudal Age
11:15 Wheelbarrow
10:59 Horse Collar
11:50 Double-Bit Axe
16:25 Gold Mining
20:47 Castle Age
20:26 Stone Mining
23:49 Hand Cart
23:49 Bow Saw
23:42 Heavy Plow
24:25 Gold Shaft Mining
27:50 Padded Archer Armor
29:31 Yeomen
36:20 Imperial Age
35:14 Leather Archer Armor
34:50 Fletching
39:53 Ballistics
39:43 Elite Longbowman
40:35 Warwolf
42:21 Two-Man Saw
43:33 Ring Archer Armor
42:58 Bodkin Arrow
50:09 Chemistry
53:49 Onager
53:54 Heavy Scorpion
55:23 Bracer
59:03 Heated Shot
59:29 Forging
Jotape
9:03 Loom
15:31 Feudal Age
16:56 Wheelbarrow
16:03 Horse Collar
16:49 Town Watch
17:08 Stone Mining
18:49 Gold Mining
19:27 Double-Bit Axe
21:41 Fletching
22:28 Padded Archer Armor
22:51 Man-at-Arms
23:18 Arson
24:50 Forging
28:23 Castle Age
29:58 Bow Saw
29:49 Heavy Plow
29:51 Bodkin Arrow
30:48 Gold Shaft Mining
31:07 Leather Archer Armor
30:30 Crossbowman
31:00 Pikeman
32:30 Caravan
32:58 Squires
32:58 Murder Holes
35:10 Hand Cart
34:58 Town Patrol
35:22 Yeomen
36:15 Iron Casting
35:55 Fortified Wall
35:28 Treadmill Crane
36:22 Scale Barding Armor
37:15 Ballistics
37:29 Scale Mail Armor
38:35 Chain Barding Armor
40:17 Chain Mail Armor
42:19 Masonry
44:46 Imperial Age
44:52 Imperial Age
45:27 Husbandry
44:49 Light Cavalry
44:54 Elite Longbowman
45:44 Warwolf
46:10 Conscription
45:22 Cavalier
47:04 Blast Furnace
47:10 Chemistry
47:17 Ring Archer Armor
46:51 Bracer
48:22 Ring Archer Armor
49:06 Plate Mail Armor
50:39 Hoardings
52:49 Two-Man Saw
52:42 Arbalester
58:31 Plate Barding Armor
67:20 Architecture
66:37 Arrowslits
67:02 Siege Engineers
66:50 Heated Shot
80:56 Spies/Treason
Guto_X
1:04 Loom
13:07 Feudal Age
14:02 Double-Bit Axe
15:44 Wheelbarrow
14:53 Horse Collar
15:52 Town Watch
20:53 Fletching
23:04 Forging
28:45 Castle Age
27:11 Gold Mining
27:15 Stone Mining
27:56 Padded Archer Armor
27:58 Scale Mail Armor
28:03 Scale Barding Armor
29:37 Bodkin Arrow
29:46 Town Patrol
30:05 Man-at-Arms
31:35 Heavy Plow
32:07 Bow Saw
32:28 Caravan
33:14 Long Swordsman
33:17 Crossbowman
35:21 Hand Cart
34:45 Light Cavalry
40:58 Imperial Age
38:43 Husbandry
38:53 Bloodlines
40:18 Coinage
42:05 Chain Mail Armor
41:33 Pikeman
42:13 Squires
42:56 Heavy Scorpion
43:47 Cavalier
44:27 Halberdier
49:24 Legionary
51:46 Elite Centurion
53:17 Ballistas
52:45 Sappers
62:12 Leather Archer Armor
62:34 Iron Casting
62:20 Chain Barding Armor
62:35 Banking
62:17 Guilds
74:20 Chemistry
73:41 Ballistics
73:54 Ring Archer Armor
74:25 Blast Furnace
74:01 Plate Barding Armor
80:44 Gold Shaft Mining
_IMPERUS
0:57 Loom
10:19 Feudal Age
12:28 Wheelbarrow
12:06 Double-Bit Axe
12:38 Arson
15:20 Horse Collar
16:17 Town Watch
17:07 Man-at-Arms
28:17 Castle Age
26:40 Scale Barding Armor
27:35 Scale Mail Armor
28:24 Fletching
29:34 Bodkin Arrow
30:21 Heavy Plow
33:06 Chain Barding Armor
34:11 Padded Archer Armor
41:04 Caravan
42:41 Hand Cart
58:40 Great Wall
58:06 Crossbowman
63:21 Ballistics
62:51 Guard Tower
66:37 Heated Shot
66:58 Fortified Wall
66:59 Masonry
68:11 Siphons
69:26 Murder Holes
75:20 Chain Mail Armor
75:56 Leather Archer Armor
75:52 Forging
76:34 Coinage
78:06 Iron Casting
81:58 Imperial Age
82:06 Heavy Rocket Cart
82:22 Sappers
83:12 Conscription
Connection lost

Rejoining the realm…

Still unreachable

The connection could not be restored.

Session expired

The server has moved on; the page needs a fresh start.